[Event "81st Tata Steel Challengers 2019"]
[Site "Wijk aan Zee"]
[Date "2019.01.18"]
[Round "6"]
[White "Paehtz, Elisabeth"]
[Black "Praggnanandhaa R"]
[Result "1/2-1/2"]
[ECO "E01"]
[WhiteElo "2477"]
[BlackElo "2539"]
[Annotator "ChessBase"]
[PlyCount "69"]
[EventDate "2019.01.12"]
[EventType "tourn"]
[EventCountry "NED"]
[SourceTitle "playchess.com"]
[Source "ChessBase"]
[SourceQuality "1"]
[TimeControl "40/6000+30:20/3000+30:900+30"]

1. d4 Nf6 2. c4 e6 3. g3 d5 4. Bg2 Bb4+ 5. Bd2 a5 6. Nf3 dxc4 7. a3 Bxd2+ 8. Nbxd2 b5 9. b3 cxb3 10. Qxb3 c6 11. Qb2 O-O 12. O-O Bb7 13. Ne5 Qd6 14. Rfc1 Rc8 15. Nb3 Nbd7 16. Nxd7 Nxd7 17. Nc5 Rab8 18. Nxd7 Qxd7 19. Rc5 Ba6 20. e3 Qd8 21. Qc2 Qb6 22. Rc1 b4 23. axb4 axb4 24. Qb3 Be2 25. h3 Qa6 26. Bxc6 Bd3 27. Bd7 Rd8 28. Ba4 Be4 29. Bc6 Qd3 30. Qb2 Bf5 31. Bg2 h6 32. R5c4 b3 33. Bf1 Qe4 34. Bg2 Qd3 35. Bf1 1/2-1/2

[Event "81st Tata Steel Challengers 2019"]
[Site "Wijk aan Zee"]
[Date "2019.01.20"]
[Round "8"]
[White "Esipenko, Andrey"]
[Black "Praggnanandhaa R"]
[Result "1-0"]
[ECO "B69"]
[WhiteElo "2584"]
[BlackElo "2539"]
[Annotator "ChessBase"]
[PlyCount "87"]
[EventDate "2019.01.12"]
[EventType "tourn"]
[EventCountry "NED"]
[SourceTitle "playchess.com"]
[Source "ChessBase"]
[SourceQuality "1"]
[TimeControl "40/6000+30:20/3000+30:900+30"]

1. e4 c5 2. Nf3 Nc6 3. d4 cxd4 4. Nxd4 Nf6 5. Nc3 d6 6. Bg5 e6 7. Qd2 a6 8. O-O-O Be7 9. f4 Bd7 10. Nf3 b5 11. Bxf6 gxf6 12. Kb1 Qb6 13. Ne2 O-O-O 14. Ned4 Kb8 15. Be2 Rc8 16. Rhf1 Na5 17. g4 Rhd8 18. Bd3 Nc4 19. Bxc4 Rxc4 20. g5 Bc8 21. h4 Bb7 22. Rfe1 Rdc8 23. Qd3 Qc7 24. Rc1 Qb6 25. Rcd1 Qc7 26. Rc1 Qa5 27. Nb3 Qb6 28. f5 e5 29. Nbd2 R4c5 30. Nf1 d5 31. exd5 Bxd5 32. N1d2 Qc6 33. gxf6 Bxf6 34. Ng5 b4 35. Nge4 Ra5 36. c4 bxc3 37. Rxc3 Bxa2+ 38. Kc1 Qb6 39. Nxf6 Rxc3+ 40. Qxc3 Ka7 41. Nd7 Qd8 42. Nxe5 Bd5 43. Nb3 Ra4 44. Rd1 1-0

[Event "81st Tata Steel Challengers 2019"]
[Site "Wijk aan Zee"]
[Date "2019.01.20"]
[Round "8"]
[White "Keymer, Vincent"]
[Black "Saduakassova, Dinara"]
[Result "1-0"]
[ECO "A18"]
[WhiteElo "2500"]
[BlackElo "2472"]
[Annotator "ChessBase"]
[PlyCount "75"]
[EventDate "2019.01.12"]
[EventType "tourn"]
[EventCountry "NED"]
[SourceTitle "playchess.com"]
[Source "ChessBase"]
[SourceQuality "1"]
[TimeControl "40/6000+30:20/3000+30:900+30"]

1. c4 Nf6 2. Nc3 e6 3. e4 d5 4. cxd5 exd5 5. e5 Ne4 6. Nf3 Be7 7. d4 c5 8. dxc5 Nxc3 9. bxc3 O-O 10. Bd3 Nd7 11. O-O Nxc5 12. Nd4 Qc7 13. Bf4 Be6 14. Bc2 Rac8 15. Rc1 Rfd8 16. f3 Nd7 17. Kh1 Ba3 18. Rb1 Be7 19. Rc1 Kh8 20. Bg3 Qxc3 21. f4 g6 22. f5 gxf5 23. Rf3 Qc7 24. Bf4 Qa5 25. Rh3 Nf8 26. Qh5 Rxc2 27. Nxc2 Rc8 28. Qd1 Qxa2 29. Nd4 Rc4 30. Rhc3 b5 31. Bh6 Qa6 32. Rxc4 dxc4 33. Qf3 Qb6 34. Nc6 Bc5 35. Qg3 Ng6 36. Qg5 Bf8 37. Bxf8 Kg8 38. Bh6 1-0

[Event "81st Tata Steel Challengers 2019"]
[Site "Wijk aan Zee"]
[Date "2019.01.20"]
[Round "8"]
[White "Paehtz, Elisabeth"]
[Black "Van Foreest, Lucas"]
[Result "0-1"]
[ECO "E06"]
[WhiteElo "2477"]
[BlackElo "2502"]
[Annotator "ChessBase"]
[PlyCount "150"]
[EventDate "2019.01.12"]
[EventType "tourn"]
[EventCountry "NED"]
[SourceTitle "playchess.com"]
[Source "ChessBase"]
[SourceQuality "1"]
[TimeControl "40/6000+30:20/3000+30:900+30"]

1. d4 Nf6 2. c4 e6 3. g3 d5 4. Bg2 Be7 5. Nf3 O-O 6. O-O dxc4 7. Qc2 a6 8. a4 Bd7 9. Qxc4 Bc6 10. Bg5 Bd5 11. Qc2 Be4 12. Qc1 h6 13. Bxf6 Bxf6 14. Nc3 Bxf3 15. Bxf3 c6 16. Rd1 a5 17. e3 Na6 18. h4 Nb4 19. h5 Qe7 20. Qb1 Rfd8 21. Qe4 Rd7 22. Qg4 Rad8 23. Kg2 e5 24. dxe5 Bxe5 25. Rxd7 Rxd7 26. Rd1 Rxd1 27. Nxd1 Qd8 28. Qf5 Bf6 29. Nc3 Nd3 30. Nd1 Ne1+ 31. Kf1 Nxf3 32. Qxf3 Qd3+ 33. Kg2 b5 34. Qxc6 Qxd1 35. Qe8+ Kh7 36. Qe4+ g6 37. hxg6+ fxg6 38. Qb7+ Bg7 39. axb5 Qb3 40. b6 Qxb2 41. Qa7 a4 42. b7 a3 43. b8=Q Qxb8 44. Qxb8 a2 45. g4 a1=Q 46. Qb7 Qd1 47. Qe4 Qd7 48. Kg1 h5 49. gxh5 Qd1+ 50. Kg2 Qxh5 51. Kg1 Be5 52. Kg2 Kh6 53. Kf1 Bf6 54. Qf4+ Qg5 55. Qh2+ Qh4 56. Qd6 Qc4+ 57. Kg1 Qg4+ 58. Kf1 Qf3 59. Qh2+ Kg5 60. Qh7 Qd1+ 61. Kg2 Qg4+ 62. Kf1 Qc4+ 63. Kg1 Qe4 64. Kf1 Qc4+ 65. Kg1 Qg4+ 66. Kf1 Qe4 67. Kg1 Be7 68. Qf7 Kh4 69. Qh7+ Kg4 70. Kf1 Bh4 71. Qd7+ Qf5 72. Qd4+ Kh3 73. e4 Qb5+ 74. Ke1 Kg2 75. e5 Qf1+ 0-1

[Event "81st Tata Steel Challengers 2019"]
[Site "Wijk aan Zee"]
[Date "2019.01.23"]
[Round "10"]
[White "Esipenko, Andrey"]
[Black "Van Foreest, Lucas"]
[Result "1-0"]
[ECO "D37"]
[WhiteElo "2584"]
[BlackElo "2502"]
[Annotator "ChessBase"]
[PlyCount "81"]
[EventDate "2019.01.12"]
[EventType "tourn"]
[EventCountry "NED"]
[SourceTitle "playchess.com"]
[Source "ChessBase"]
[SourceQuality "1"]
[TimeControl "40/6000+30:20/3000+30:900+30"]

1. d4 Nf6 2. Nf3 d5 3. c4 e6 4. Nc3 dxc4 5. e4 Bb4 6. Bxc4 Nxe4 7. O-O Nxc3 8. bxc3 Bd6 9. Ng5 h6 10. Ne4 O-O 11. Qf3 Be7 12. Re1 Nd7 13. Rb1 c5 14. Bd3 cxd4 15. cxd4 Re8 16. Bf4 Nf8 17. Ng3 Bd6 18. Be5 Bxe5 19. dxe5 Bd7 20. Rxb7 Qa5 21. Re3 Rab8 22. Rxb8 Rxb8 23. h4 Qxa2 24. Nh5 Rb4 25. Qg3 g6 26. Nf6+ Kg7 27. Be4 Rb5 28. Kh2 Qa1 29. Rc3 Qa5 30. f4 Rc5 31. Ra3 Qb6 32. Rb3 Bb5 33. Rb1 a6 34. h5 Qd8 35. hxg6 fxg6 36. Qa3 Rc7 37. Qa5 Rd7 38. Qe1 Rd4 39. Qh4 Rd1 40. Rxd1 Qxd1 41. Ng4 1-0

[Event "81st Tata Steel Challengers 2019"]
[Site "Wijk aan Zee"]
[Date "2019.01.23"]
[Round "10"]
[White "Paehtz, Elisabeth"]
[Black "Saduakassova, Dinara"]
[Result "1/2-1/2"]
[ECO "B47"]
[WhiteElo "2477"]
[BlackElo "2472"]
[Annotator "ChessBase"]
[PlyCount "37"]
[EventDate "2019.01.12"]
[EventType "tourn"]
[EventCountry "NED"]
[SourceTitle "playchess.com"]
[Source "ChessBase"]
[SourceQuality "1"]
[TimeControl "40/6000+30:20/3000+30:900+30"]

1. e4 c5 2. Nf3 e6 3. d4 cxd4 4. Nxd4 Nc6 5. Nc3 Qc7 6. Nb3 Nf6 7. Bd3 Be7 8. O-O O-O 9. f4 d6 10. Qe2 a6 11. Kh1 b5 12. a3 Bb7 13. Bd2 Rac8 14. Rae1 b4 15. axb4 Nxb4 16. Nb5 axb5 17. Bxb4 e5 18. Ba5 Qb8 19. fxe5 1/2-1/2

[Event "81st Tata Steel Challengers 2019"]
[Site "Wijk aan Zee"]
[Date "2019.01.25"]
[Round "11"]
[White "Van Foreest, Lucas"]
[Black "Praggnanandhaa R"]
[Result "1/2-1/2"]
[ECO "B41"]
[WhiteElo "2502"]
[BlackElo "2539"]
[Annotator "RC"]
[PlyCount "78"]
[EventDate "2019.01.12"]
[EventType "tourn"]
[EventCountry "NED"]
[SourceTitle "playchess.com"]
[Source "ChessBase"]
[SourceQuality "1"]
[TimeControl "40/6000+30:20/3000+30:900+30"]

1. e4 c5 2. Nf3 e6 3. d4 cxd4 4. Nxd4 a6 5. c4 Nf6 6. Nc3 Qc7 7. Be2 Bb4 8. Qd3 O-O 9. O-O Bxc3 10. bxc3 d6 11. Nb3 Nbd7 12. Bf4 e5 13. Bg5 h6 14. Bh4 g5 15. Bg3 Nc5 16. Nxc5 Qxc5 17. Rfd1 Rd8 18. Rab1 b5 19. cxb5 axb5 20. Qxb5 Nxe4 21. Qxc5 Nxc5 22. Bxe5 Bf5 23. Bf6 Bxb1 24. Bxd8 Bc2 25. Rxd6 Ne4 26. Rd4 Nxc3 27. Bf3 Be4 28. Rd2 Bxf3 29. gxf3 Rxa2 30. Rxa2 Nxa2 31. Ba5 Nc1 32. Bd2 Ne2+ 33. Kg2 Nd4 34. h4 f6 35. Bc3 Nf5 36. Bxf6 Nxh4+ 37. Kg3 Kf7 38. Bxg5 hxg5 39. Kg4 Nxf3 1/2-1/2